 Dungeon Crawl Stone Soup version 0.30-a0-870-gc5d4c5acee (webtiles) character file.

Game seed: 10319227628145822805

322 cforsyth the Covered (level 6, 0/51 HPs)
             Began as a Barachi Fighter on Mar 12, 2023.
             Slain by a gnoll
             ... wielding a +0 halberd
             ... led by a gnoll bouda
              (6 damage)
             ... on level 4 of the Dungeon.
             The game lasted 00:02:45 (2474 turns).

cforsyth the Covered (Barachi Fighter)              Turns: 2474, Time: 00:02:45

Health: 0/51       AC:  9    Str: 19    XL:     6   Next: 47%
Magic:  6/6        EV:  9    Int:  9    God:
Gold:   163        SH:  5    Dex: 11    Spells: 5/5 levels left

rFire   . . .      SeeInvis .    a - +0 war axe
rCold   . . .      Faith    .    c - +0 buckler
rNeg    . . .      Spirit   .    b - +0 scale mail
rPois   .          Reflect  .    (no helmet)
rElec   .          Rampage  .    (no cloak)
rCorr   .                        n - +1 pair of gloves
Will    .....                    (no boots) Stlth
                                 (no amulet)
HPRegen 0.28/turn                (no ring)
MPRegen 0.10/turn                (no ring)

@: mighty, slow
A: amphibious, slowness 1, strong legs 1, +LOS
a: Hop


You were on level 4 of the Dungeon.
You visited 1 branch of the dungeon, and saw 4 of its levels.

You collected 163 gold pieces.

Inventory:

Hand Weapons
 a - a +0 war axe (weapon)
Armour
 b - a +0 scale mail (worn)
 c - a +0 buckler (worn)
 n - a +1 pair of gloves (worn)
Jewellery
 q - a ring of wizardry
Scrolls
 g - a scroll of vulnerability {unknown}
 k - a scroll of enchant weapon {unknown}
 l - a scroll of acquirement {unknown}
 m - a scroll of fear {unknown}
 p - 3 scrolls of magic mapping {unknown}
 s - a scroll of immolation {unknown}
Potions
 d - a potion of might
 e - a potion of resistance {unknown}
 f - a potion of heal wounds
 h - 2 potions of curing {unknown}
 i - a potion of degeneration {unknown}
 j - a potion of lignification {unknown}
 o - 2 potions of haste {unknown}
 r - a potion of brilliance {unknown}


   Skills:
 + Level 5.1 Fighting
 + Level 4.1 Axes
 + Level 5.3 Armour
 + Level 4.8 Shields


You had 5 spell levels left.
You didn't know any spells.
Your spell library contained the following spells:

 Spells                   Type           Power      Damage    Failure   Level
 Apportation              Tloc           0%         N/A       83%         1
 Necrotise                Necr           0%         1d4       83%         1
 Summon Small Mammal      Summ           0%         N/A       83%         1
 Lesser Beckoning         Tloc           0%         N/A       92%         2
 Gell's Gravitas          Tloc           0%         N/A       99%         3
 Teleport Other           Tloc           0%         N/A       99%         3


Dungeon Overview and Level Annotations

Branches:
Dungeon (4/15)
 Temple: D:4-7

Altars:
Kikubaaqudgha
Qazlal


Innate Abilities, Weirdness & Mutations

You are amphibious.
You cover ground slowly.
You can hop short distances.
You have an extended range of vision and can be seen from far away.


Message History

The gnoll bouda is severely wounded.
The gnoll is no longer moving quickly.
The gnoll bouda hits you with a +0 club!
* * * LOW HITPOINT WARNING * * *
The gnoll barely misses you.
The gnoll bouda hits you with a +0 club.
* * * LOW HITPOINT WARNING * * *
You slash the gnoll bouda!
You kill the gnoll bouda!
You block the gnoll's attack. x2
Your Axes skill increases to level 4!
You barely miss the gnoll. The gnoll closely misses you.
The gnoll hits you from afar with a +0 halberd.
* * * LOW HITPOINT WARNING * * *
The gnoll hits you but does no damage.
You feel much better.
The gnoll hits you from afar with a +0 halberd.
* * * LOW HITPOINT WARNING * * *
You block the gnoll's attack.
You feel much better.
The gnoll hits you from afar with a +0 halberd!
The gnoll hits you but does no damage.
You slash the gnoll!
The gnoll is severely wounded.
The gnoll is no longer moving quickly. x2
The gnoll hits you from afar with a +0 halberd!
The gnoll closely misses you.
You slice the gnoll!!
You kill the gnoll!
You block the gnoll's attack. The gnoll barely misses you.
The gnoll hits you with a +0 whip.
You barely miss the gnoll.
The gnoll is moderately wounded.
The gnoll barely misses you. x2
You slash the gnoll!
You kill the gnoll!
The gnoll hits you from afar with a +0 halberd!
* * * LOW HITPOINT WARNING * * *
The gnoll hits you but does no damage. The gnoll hits you with a +0 halberd.
You die...

......$ .....
..... ... ... #.#
#.# # #.####.###
###@#.......
####...g....#
#......).##.#
#.##........#
#####.##.#.####.#
#..#[.##.#.# #
#.#...##....
#.....####.##
#.#.#.# #.#


You could see a gnoll.

Vanquished Creatures
  A scorpion (D:2)
  A jelly (D:4)
  A gnoll bouda (D:4)
  A sleepcap (D:4)
  6 adders
  3 gnolls (D:4)
  2 worms
  4 dart slugs
  2 orcs (D:3)
  4 endoplasms
  3 giant cockroaches
  6 goblins
  8 hobgoblins
  10 jackals
  4 quokkas
  7 ball pythons
  6 bats
  5 frilled lizards
  5 kobolds
  7 rats
86 creatures vanquished.

Notes
Turn   | Place    | Note
-------+----------+-------------------------------------------
     0 | D:1      | cforsyth the Barachi Fighter began the quest for the Orb.
     0 | D:1      | Reached XP level 1. HP: 18/18 MP: 1/1
   176 | D:1      | Reached XP level 2. HP: 19/25 MP: 2/2
   396 | D:1      | Reached XP level 3. HP: 30/30 MP: 3/3
   849 | D:2      | Reached XP level 4. HP: 28/37 MP: 4/4
   914 | D:2      | Found an ancient bone altar of Kikubaaqudgha.
  1009 | D:2      | Noticed a scorpion
  1028 | D:2      | Killed a scorpion
  1029 | D:2      | Reached XP level 5. HP: 41/43 MP: 5/5
  1358 | D:3      | Found a stormy altar of Qazlal.
  1515 | D:3      | Noticed an air elemental
  1515 | D:3      | Noticed a fire elemental
  1516 | D:3      | Noticed a water elemental
  1609 | D:3      | Found a faded altar of an unknown god.
  2290 | D:4      | Reached skill level 5 in Armour
  2402 | D:4      | Reached XP level 6. HP: 50/50 MP: 6/6
  2457 | D:4      | Reached skill level 5 in Fighting
  2474 | D:4      | Slain by a gnoll

Illustrated notes

Levels and vault maps discovered:
D:1:      ncdulo_halloftheorcs, layout_loops_ring
D:2:      layout_rooms, basic_altar, corexii_leaking_fountain,
          minmay_pentomino_pile
D:3:      layout_loops_ring, nicolae_qazlal_style_of_elements,
          hellmonk_ecumenical_altar_arch_garden
D:4:      layout_loops_corners, minmay_misc_feat_rugged

Skill      XL: |  1  2  3  4  5  6 |
---------------+-------------------+-----
Armour         | 4 5 |  5.3
Fighting       | 4 5 |  5.1
Axes           | 3 4 |  4.1
Shields        | 4 |  4.8

Action                     |  1- 3 |  4- 6 || total
---------------------------+-------+-------++-------
  Melee: War axe           |    88 |   152 ||   240
    Use: Potion            |       |     4 ||     4
 Armour: Scale mail        |    50 |    82 ||   132
  Dodge: Dodged            |    47 |    98 ||   145
  Block: Buckler           |    22 |    36 ||    58

Table legend: (Time is in decaauts)
 A = Elapsed time spent in this place.
 B = Non-inter-level travel time spent in this place.
 C = Inter-level travel time spent in this place.
 D = Time resting spent in this place.
 E = Time spent auto-exploring this place.
 F = Levels seen in this place.
 G = Mean time per level.
                   A        B        C        D        E       F      G
               +--------+--------+--------+--------+--------+-----+--------+
         Total |   2949 |   2829 |    120 |      0 |   2237 |   4 |  737.2 |
       Dungeon |   2949 |   2829 |    120 |      0 |   2237 |   4 |  737.2 |
               +--------+--------+--------+--------+--------+-----+--------+

Top non-repeatable levels by time:
     D:1: 912 daAuts
     D:3: 844 daAuts
     D:2: 713 daAuts
     D:4: 479 daAuts
